cohdb
Replays
Latest Replays
All Replays
Popular Replays
Top Player Replays
Match Explorer
How It Works
Community
CoH3 Stats
Reddit
Sign in to upload your games and track your stats! →
Sign in with Steam
Match 42441309
Unlisted
Match 42441309
Overview
Messages
Build Orders
End
Construct Barracks
Riflemen Squad
Riflemen Squad
Riflemen Squad
Grenade Package
Mechanized Support Center
Selects Special Operations Battlegroup
Selects Raiding Flares
Construct Motor Pool
Riflemen Squad
Selects SSF Commando Squad
SSF Commando Squad
M3 75 mm Gun Motor Carriage
Engineer Squad
∞ | BoCuoi
SmittWicky
Trion
TeLLoR 13
0
0
Comments
sign in to comment!
No comments posted yet!